 Seeded DCSS version 0.30-a0-377-g5cb311bc9f (webtiles) character file.

Game seed: 16745848877469712179 (custom seed)

81 purpskrrrp the Sneak (level 4, 0/27 HPs)
             Began as a Vampire Brigand on Nov 28, 2022.
             Slain by Crazy Yiuf
             ... wielding a +4 quarterstaff of chaos
              (1 damage)
             ... on level 2 of the Dungeon.
             The game lasted 00:04:12 (2017 turns).

purpskrrrp the Sneak (Vampire Brigand)              Turns: 2017, Time: 00:04:13

Health: 0/27       AC: 10    Str: 10    XL:     4   Next: 19%
Magic:  13/13      EV: 12    Int: 13    God:
Gold:   172        SH:  0    Dex: 17    Spells: 3/3 levels left

rFire   . . .      SeeInvis +    r - +12 dagger of Uqoemi Hobby {protect, MP+9}
rCold   + + .      Faith    .    (no shield)
rNeg    + + +      Spirit   .    b - +0 robe
rPois   ∞          Reflect  .    (no helmet)
rElec   .          Harm     .    c - +0 cloak
rCorr   .          Rampage  .    (no gloves)
Will    .....                    (no boots)
Stlth   +++++.....               (no amulet)
HPRegen 0.00/turn                (no ring)
MPRegen 0.13/turn                (no ring)

@: under a protective aura, bloodless, inhibited regen
A: bloodless, fangs 3, see invisible, vampiric 2
a: Bat Form, Revivify


You were on level 2 of the Dungeon.
You visited 1 branch of the dungeon, and saw 2 of its levels.

You collected 172 gold pieces.

Inventory:

Hand Weapons
 a - a +2 dagger
 r - the +12 dagger of Uqoemi Hobby (weapon) {protect, MP+9}
   (You found it on level 2 of the Dungeon)

   It grants its wielder temporary protection when it strikes (+7 to AC).
   MP:        It affects your magic capacity (+9).
Missiles
 d - 14 poisoned darts
 e - a curare-tipped dart
 g - 3 atropa-tipped darts
Armour
 b - a +0 robe (worn)
 c - a +0 cloak (worn)
Wands
 o - a wand of charming (4)
Scrolls
 f - a scroll of vulnerability {unknown}
 h - 2 scrolls of noise {unknown}
 i - a scroll of teleportation {unknown}
 m - a scroll of identify {unknown}
 n - a scroll of enchant armour {unknown}
 p - a scroll of butterflies {unknown}
Potions
 j - 2 potions of attraction {unknown}
 k - 2 potions of curing {unknown}
 l - 2 potions of degeneration {unknown}
 q - 2 potions of flight {unknown}


   Skills:
 + Level 2.3 Fighting
 * Level 3.5 Short Blades
 - Level 1.5 Throwing
 + Level 2.1 Dodging
 + Level 6.5 Stealth


You had 3 spell levels left.
You didn't know any spells.
Your spell library contained the following spells:

 Spells                   Type           Power      Damage    Failure   Level
 Animate Dead             Necr           0%         N/A       97%         4
 Borgnjor's Vile Clutch   Necr/Erth      0%         N/A       100%        5
 Death Channel            Necr           0%         N/A       100%        6


Dungeon Overview and Level Annotations

Branches:
Dungeon (2/15)

Altars:

Annotations:
D:2 Crazy Yiuf


Innate Abilities, Weirdness & Mutations

You do not regenerate when monsters are visible.
You are frail without blood (-20% HP).
You can heal yourself when you bite living creatures.
You are immune to poison.
You have razor-sharp teeth.
You have supernaturally acute eyesight. (SInv)
You are afflicted with vampirism and can become a bat while bloodless.


Message History

No target in view!
No target in view!
No target in view!
No target in view!
No target in view!
No target in view!
No target in view!
Things that are here:
a +0 dagger; a goblin corpse You now have 158 gold pieces (gained 13).
You now have 172 gold pieces (gained 14).
You see here a bat corpse.
There is an escape hatch in the floor here.
Things that are here:
a +0 dagger; 5 stones
Found a stone staircase leading down.
Found a hammer.
You see here a +0 hammer.
Found four hammers.
Found a runed translucent door.
Found a hammer.
You see here a +0 hammer.
Found two hammers.
You see here a +0 hammer.
You see here a +0 hammer.
Key pressed, stopping explore.
You see here a +0 hammer.
You see here a +0 hammer.
You open the door.
There is an open translucent door here.
Crazy Yiuf shouts!
Crazy Yiuf hits you with a +4 quarterstaff of chaos!
Crazy Yiuf burns you.
You see here a +0 hammer.
You hit Crazy Yiuf.
Your weapon exudes an aura of protection.
Crazy Yiuf is lightly wounded.
Crazy Yiuf hits you with a +4 quarterstaff of chaos!
* * * LOW HITPOINT WARNING * * *
Crazy Yiuf burns you.
You die...

#.## ##...#
##..##.## ##
#..# ##)##
#...##..####
##.# ##.#
#......#....
#.# #)##
##.###..####
#.# ##.# #.#
#.## # #.#
#.##
#.###.#####
#.# ##'##
##..........
#.# #).)#
#.......####
#.# #)@)#
######)###
#.# #)g.#
#........#
#.# #####
#.##.....#
#.#
#........#
#.# ###
####.....###
#.# #.#
#........
#.# #.#
###.#####
#.# #.# #.#
# #.# #.#
#.#


You could see Crazy Yiuf.

Vanquished Creatures
  3 adders (D:2)
  2 worms (D:2)
  2 dart slugs
  4 bats (D:2)
  2 endoplasms (D:2)
  2 giant cockroaches
  6 hobgoblins
  2 jackals (D:2)
  A ball python (D:1)
  16 frilled lizards (D:2)
  2 goblins
  6 kobolds (D:2)
  2 rats (D:1)
50 creatures vanquished.

Vanquished Creatures (others)
  7 plants (D:2)
7 creatures vanquished.

Grand Total: 57 creatures vanquished

Notes
Turn   | Place    | Note
-------+----------+-------------------------------------------
     0 | D:1      | purpskrrrp the Vampire Brigand began the quest for the Orb.
     0 | D:1      | Reached XP level 1. HP: 16/16 MP: 1/1
   212 | D:1      | Reached skill level 6 in Stealth
   455 | D:1      | Reached XP level 2. HP: 17/17 MP: 2/2
  1168 | D:2      | Gained mutation: You are afflicted with vampirism and can
                  | become a bat while bloodless. [Vampire growth]
  1168 | D:2      | Reached XP level 3. HP: 15/21 MP: 3/3
  1404 | D:2      | Reached XP level 4. HP: 13/27 MP: 4/4
  1591 | D:2      | Identified the +12 dagger of Uqoemi Hobby {protect, MP+9}
  1847 | D:2      | Found a runed translucent door.
  1848 | D:2      | Noticed Crazy Yiuf
  2017 | D:2      | HP: 1/27 [Crazy Yiuf/+4 quarterstaff of chaos (12)]
  2017 | D:2      | Slain by Crazy Yiuf

Illustrated notes

Levels and vault maps discovered:
D:1:      wander_arrival_chamber, layout_basic
D:2:      minmay_kobold_bridge, layout_loops_ring, basic_altar,
          minmay_lizard_king, uniq_crazy_yiuf_cottage

Skill      XL: |  1  2  3 |
---------------+----------+-----
Stealth        | 6 |  6.5
Fighting       | 2 |  2.3
Short Blades   | 3 |  3.5
Dodging        | 2 |  2.1
Throwing       | |  1.5

Action                   |  1- 3 |  4- 6 || total
-------------------------+-------+-------++-------
Melee: Dagger            |    88 |    24 ||   112
       Bite              |     4 |     1 ||     5
Throw: Dart              |     9 |       ||     9
 Abil: Exsanguinate      |     1 |       ||     1
 Stab: Sleeping          |    12 |     4 ||    16
       Distracted        |     1 |       ||     1
Armor: Robe              |    15 |     5 ||    20
Dodge: Dodged            |    41 |    10 ||    51

Table legend: (Time is in decaauts)
 A = Elapsed time spent in this place.
 B = Non-inter-level travel time spent in this place.
 C = Inter-level travel time spent in this place.
 D = Time resting spent in this place.
 E = Time spent auto-exploring this place.
 F = Levels seen in this place.
 G = Mean time per level.
                   A        B        C        D        E       F      G
               +--------+--------+--------+--------+--------+-----+--------+
         Total |   2000 |   1949 |     51 |    157 |   1420 |   2 | 1000.0 |
       Dungeon |   2000 |   1949 |     51 |    157 |   1420 |   2 | 1000.0 |
               +--------+--------+--------+--------+--------+-----+--------+

Top non-repeatable levels by time:
     D:1: 1016 daAuts
     D:2: 983 daAuts
